 Dungeon Crawl Stone Soup version 0.22.1-1-ga44c0e56f4 (webtiles) character file.

37 Jynx the Insei (level 3, 0/23 HPs)
             Began as an Octopode Transmuter on Nov 8, 2018.
             Succumbed to an adder's poison
             ... on level 2 of the Dungeon.
             The game lasted 00:02:36 (918 turns).

Jynx the Insei (Octopode Transmuter)                 Turns: 918, Time: 00:02:36

Health: 0/23       AC:  1    Str: 14    XL:     3   Next: 41%
Magic:  6/6        EV: 19    Int: 15    God:
Gold:   103        SH:  0    Dex: 18    Spells: 5/6 levels left

rFire    . . .     SeeInvis .     - Unarmed
rCold    . . .     Gourm    .   (no shield)
rNeg     . . .     Faith    .   (helmet restricted)
rPois    .         Spirit   .   (no amulet)
rElec    .         Reflect  .   (no ring)
rCorr    .         Harm     .   (no ring)
MR       .....                  (no ring)
Stlth    ++++......             (no ring)
HPRegen  0.07/turn              (no ring)
MPRegen  0.10/turn              (no ring)
                                (no ring)
                                (no ring)

@: mighty, agile, lethally poisoned (0 -> -2), very slightly contaminated,
hasted, very quick
A: almost no armour, stealthy swim, amphibious, 8 rings, constrict 8, camouflage
1, gelatinous body 1
a: no special abilities


You were on level 2 of the Dungeon.
You were not hungry.

You visited 1 branch of the dungeon, and saw 2 of its levels.

You collected 103 gold pieces.

Inventory:

Missiles
 a - 26 arrows
Scrolls
 d - 2 scrolls of identify
 g - 3 scrolls of remove curse {unknown}
 h - 2 scrolls of enchant weapon
 i - a scroll of blinking {unknown}
Comestibles
 c - 5 rations
 f - 4 chunks of flesh


   Skills:
 - Level 1.0 Fighting
 - Level 2.0 Dodging
 + Level 1.4 Stealth
 * Level 3.9 Unarmed Combat
 + Level 2.2 Spellcasting
 + Level 2.1 Transmutations


You had 5 spell levels left.
You knew the following spells:

 Your Spells              Type           Power        Failure   Level  Hunger
a - Beastly Appendage     Tmut           #.....       9%          1    #......

Your spell library contained the following spells:

 Spells                   Type           Power        Failure   Level  Hunger
 Sticks to Snakes         Tmut           #.......     14%         2    ###....
 Spider Form              Tmut/Pois      #.........   38%         3    ###....
 Ice Form                 Ice/Tmut       #.......     80%         4    #####..
 Blade Hands              Tmut           #.........   94%         5    ######.


Dungeon Overview and Level Annotations

Branches:
Dungeon (2/15)

Altars:


Innate Abilities, Weirdness & Mutations

You cannot wear most types of armour.
You are very stealthy in the water. (Stealth+)
You are amphibious.
You can wear up to eight rings at the same time.
You can use your tentacles to constrict eight enemies at once.
Your skin changes colour to match your surroundings (Stealth+).
Your rubbery body absorbs attacks. (AC +1, EV +1)


Message History

You are very lightly contaminated with residual magic.
You smell something strange.
There is a lethal amount of poison in your body!
There is a lethal amount of poison in your body!
There is a lethal amount of poison in your body!
There is a lethal amount of poison in your body!
There is a lethal amount of poison in your body!
* * * LOW HITPOINT WARNING * * *
You feel sick.
* * * LOW HITPOINT WARNING * * *
You feel sick.
* * * LOW HITPOINT WARNING * * *
You feel sick.
* * * LOW HITPOINT WARNING * * *
You feel sick.
* * * LOW HITPOINT WARNING * * *
You feel sick.
* * * LOW HITPOINT WARNING * * *
You feel sick.
You die...

##...##
#.###############.####.#
#.....####<#### #......#
..............# ######.#
........##.##.# #..
...........# .# . #..
........#..# .. ....##..
.......##..# ## #......
#.....###..############
#.###..
##....###.......@.....#
#.#
##.#......##########.#
... ###†.....(.# ###.
......###.## #. ###.###
#.# #. ###.#####.# #.
..........# ###.#######
# #.#


There were no monsters in sight!

Vanquished Creatures
  An adder (D:2)
  A leopard gecko (D:1)
  5 giant cockroaches (D:1)
  3 goblins
  4 hobgoblins
  A bat (D:1)
  5 frilled lizards
  8 rats
28 creatures vanquished.

Notes
Turn   | Place    | Note
-------+----------+-------------------------------------------
     0 | D:1      | Jynx the Octopode Transmuter began the quest for the Orb.
     0 | D:1      | Reached XP level 1. HP: 13/13 MP: 3/3
    75 | D:1      | Reached XP level 2. HP: 11/18 MP: 5/5
   361 | D:1      | Reached skill level 1 in Stealth
   746 | D:2      | Reached XP level 3. HP: 21/23 MP: 4/6
   906 | D:2      | HP: 1/23 [poisoned by an adder]
   912 | D:2      | HP: 1/23 [poisoned by an adder]
   918 | D:2      | Succumbed to an adder's poison

Skill      XL: |  1  2 |
---------------+-------+-----
Stealth        | 1 |  1.4
Fighting       | |  1.0
Dodging        | |  2.0
Unarmed Combat | |  3.9
Spellcasting   | |  2.2
Transmutations | |  2.1

Action                   || total
-------------------------++-------
Melee: Unarmed           ||    54
       Constrict         ||    17
       Tentacles         ||     3
       Kick              ||     6
       Punch             ||     2
 Cast: Beastly Appendage ||     8
  Use: Scroll            ||     2
       Potion            ||     3
 Stab: Sleeping          ||     7
Armor: Skin              ||     5
Dodge: Dodged            ||    25
